 Dungeon Crawl Stone Soup version 0.30-a0-772-g5528072125 (webtiles) character file.

Game seed: 9267912934720816045

71030 NinjaNoafa the Force of Nature (level 15, -27/128 HPs)
             Began as a Hill Orc Fighter on Feb 12, 2023.
             Was the Champion of Fedhas.
             Killed by an exploding ballistomycete spore (44 damage)
             ... on level 2 of the Swamp.
             The game lasted 01:47:14 (19641 turns).

NinjaNoafa the Force of Nature (Hill Orc Fighter)  Turns: 19641, Time: 01:47:14

Health: -27/128    AC: 20    Str: 25    XL:     15   Next: 35%
Magic:  23/26      EV: 24    Int:  8    God:    Fedhas [******]
Gold:   689        SH:  0    Dex: 12    Spells: 14/14 levels left

rFire   + . .      SeeInvis +    a - +2 demon whip (elec)
rCold   . . .      Faith    .    q - +0 kite shield
rNeg    . . .      Spirit   .    V - +1 scale mail of Othryt {Drain +Blink rF+ Slay+3}
rPois   .          Reflect  .    w - +2 helmet
rElec   .          Harm     .    W - +0 cloak
rCorr   .          Rampage  .    T - +2 pair of gloves
Will    +....                    O - +1 pair of boots Stlth
                                 I - amulet of the acrobat
HPRegen 0.41/turn                f - ring of see invisible
MPRegen 0.20/turn                d - ring of flight

@: confused, acrobatic, flying, studying Maces & Flails
A: no striking features
a: Renounce Religion, Evoke Blink, Wall of Briars, Grow Ballistomycete,
Overgrow, Grow Oklob


You were on level 2 of the Swamp.
You worshipped Fedhas.
Fedhas was exalted by your worship.
You visited 4 branches of the dungeon, and saw 22 of its levels.
You also visited: Bailey.

You collected 1258 gold pieces.
You spent 569 gold pieces at shops.

Inventory:

Hand Weapons
 a - a +2 demon whip of electrocution (weapon)
Missiles
 c - 8 javelins
 j - 68 poisoned darts
 B - 17 curare-tipped darts
 C - 2 throwing nets
 N - 16 boomerangs (quivered)
 Q - 4 datura-tipped darts
Armour
 q - a +0 kite shield (worn)
 w - a +2 helmet (worn)
 O - a +1 pair of boots (worn)
 T - a +2 pair of gloves (worn)
 V - the +1 scale mail of Othryt (worn) {Drain +Blink rF+ Slay+3}
   (You found it on level 1 of the Lair of Beasts)

   Slay:      It affects your accuracy & damage with ranged weapons and melee
   (+3).
   rF:        It protects you from fire.
   +Blink:    It lets you blink.
   Drain:     It drains your maximum health when unequipped.
 W - a +0 cloak (worn)
Jewellery
 d - a ring of flight (right hand)
 f - a ring of see invisible (left hand)
 E - a ring of protection from cold
 I - an amulet of the acrobat (around neck)
 L - the ring "Palumas" {Ice rElec rPois Str-3 Int+3}
   (You found it on level 8 of the Dungeon)

   [ring of ice]

   It enhances your ice magic.
   Str:       It affects your strength (-3).
   Int:       It affects your intelligence (+3).
   rF:        It makes you vulnerable to fire.
   rC:        It protects you from cold.
   rElec:     It insulates you from electricity.
   rPois:     It protects you from poison.
 U - a ring of protection from fire
 Y - a ring of willpower
Wands
 A - a wand of paralysis (9)
 G - a wand of polymorph (8)
 J - a wand of roots (22)
 R - a wand of mindburst (11)
Scrolls
 g - 6 scrolls of vulnerability
 h - a scroll of summoning
 k - 4 scrolls of magic mapping
 o - 11 scrolls of teleportation
 r - 2 scrolls of poison
 v - 4 scrolls of blinking
 y - 2 scrolls of fear
 F - 2 scrolls of noise
 H - 3 scrolls of fog
 K - 2 scrolls of torment
 M - 3 scrolls of immolation
 S - 2 scrolls of silence
Potions
 e - 3 potions of heal wounds
 i - 2 potions of haste
 l - 6 potions of lignification
 m - a potion of invisibility
 p - a potion of resistance
 s - 3 potions of brilliance
 t - 2 potions of might
 u - 11 potions of curing
 x - 9 potions of attraction
 z - 3 potions of cancellation
 D - 4 potions of flight
 P - 3 potions of berserk rage
 X - a potion of mutation
 Z - 5 potions of ambrosia
Miscellaneous
 b - a tin of tremorstones (inert)


   Skills:
 - Level 10.4 Fighting
 - Level 11.2(15.7) Axes
 - Level 14.9(16.0) Maces & Flails
 + Level 9.0 Throwing
 - Level 10.0 Armour
 + Level 11.7 Shields
 - Level 15.0 Invocations
 + Level 7.5 Evocations


You had 14 spell levels left.
You didn't know any spells.
Your spell library contained the following spells:

 Spells                   Type           Power      Damage    Failure   Level
 Foxfire                  Conj/Fire      0%         2x1d4     88%         1
 Magic Dart               Conj           0%         1d3       88%         1
 Necrotise                Necr           0%         1d4       88%         1
 Sting                    Tmut/Pois      0%         1d3       88%         1
 Blink                    Tloc           0%         N/A       95%         2
 Call Imp                 Summ           0%         N/A       95%         2
 Ensorcelled Hibernation  Hex/Ice        0%         N/A       95%         2
 Lesser Beckoning         Tloc           0%         N/A       95%         2
 Momentum Strike          Conj/Tloc      0%         3d8       95%         2
 Passwall                 Tmut/Erth      0%         N/A       95%         2
 Poisonous Vapours        Pois/Air       0%         N/A       95%         2
 Scorch                   Fire           0%         2d5       95%         2
 Call Canine Familiar     Summ           0%         N/A       99%         3
 Dazzling Flash           Conj/Hex       0%         N/A       99%         3
 Gell's Gravitas          Tloc           0%         N/A       99%         3
 Mephitic Cloud           Conj/Pois/Air  0%         N/A       99%         3
 Stone Arrow              Conj/Erth      0%         3d7       99%         3
 Swiftness                Air            0%         N/A       99%         3
 Teleport Other           Tloc           0%         N/A       99%         3
 Vampiric Draining        Necr           0%         2d6       99%         3
 Airstrike                Air            0%         2d(0-16)  100%        4
 Animate Armour           Summ/Erth      0%         N/A       100%        4
 Flame Wave               Conj/Fire      0%         2d4       100%        4
 Iskenderun's Mystic Bla  Conj/Tloc      0%         2d3       100%        4
 Manifold Assault         Tloc           0%         N/A       100%        4
 Olgreb's Toxic Radiance  Pois           0%         N/A       100%        4
 Summon Lightning Spire   Summ/Air       0%         N/A       100%        4
 Agony                    Necr           0%         N/A       100%        5
 Blade Hands              Tmut           0%         N/A       100%        5
 Fireball                 Conj/Fire      0%         3d3       100%        5
 Lightning Bolt           Conj/Air       0%         1d11      100%        5
 Silence                  Hex/Air        0%         N/A       100%        5
 Summon Forest            Summ/Tloc      0%         N/A       100%        5
 Iron Shot                Conj/Erth      0%         9d1       100%        6
 Starburst                Conj/Fire      0%         6d3       100%        6
 Summon Cactus Giant      Summ           0%         N/A       100%        6
 Storm Form               Tmut/Air       0%         N/A       100%        7
 Lehudib's Crystal Spear  Conj/Erth      0%         10d2      100%        8
 Maxwell's Capacitive Co  Air            0%         ∞         100%        8


Dungeon Overview and Level Annotations

Branches:
Dungeon (14/15)            Temple (1/1) D:7            Lair (5/5) D:11
  Swamp (1/4) Lair:2       Spider (0/4) Lair:2        Slime (0/5) Lair:5
    Orc (0/2) D:11         Bailey (visited)
 Vaults: D:13-14

Altars:
Ashenzari
Cheibriados
Dithmenos
Elyvilon
Fedhas
Gozag
Hepliaklqana
Kikubaaqudgha
Makhleb
Nemelex Xobeh
Okawaru
Qazlal
Ru
Sif Muna
Trog
Uskayaw
Vehumet
Xom
Yredelemnul
Zin
The Shining One
Jiyva

Shops:
D:5 (

Portals:
Trove: D:12 (give +3 ice dragon scales)

Annotations:
Lair:1 3 runed translucent doors, monoptic's ghost, novice TrBe


Message History

As you read the scroll of blinking, it crumbles to dust.
The four-headed hydra bites your ballistomycete.
The four-headed hydra bites your ballistomycete! x2
The four-headed hydra bites your ballistomycete.
The four-headed hydra bites your ballistomycete. x3
The four-headed hydra bites your ballistomycete!
You block the four-headed hydra's attack.
The four-headed hydra barely misses you.
You block the four-headed hydra's attack.
The four-headed hydra bites you but does no damage.
Blink to where?
Press: ? - help, Dir - move target
As you read the scroll of blinking, it crumbles to dust.
A ballistomycete spore comes into view.
What are your orders? t - Shout!
Orders for allies: a - Attack new target. r - Retreat! s - Stop attacking. g - Guard the area. f - Follow me.
Anything else - Cancel.
Gang up on whom?
Press: ? - help, Dir - move target, f - five-headed hydra
Aim: a five-headed hydra (lightly wounded, ally target) Attack!
A ballistomycete spore comes into view.
The five-headed hydra misses your ballistomycete spore.
The five-headed hydra barely misses your ballistomycete spore.
The five-headed hydra bites your ballistomycete spore.
The five-headed hydra bites your ballistomycete spore!
Your ballistomycete spore explodes!
The four-headed hydra appears confused.
The explosion of spores engulfs the four-headed hydra!!
The four-headed hydra is heavily wounded.
The five-headed hydra appears confused.
The explosion of spores engulfs the five-headed hydra!!!
The five-headed hydra is severely wounded.
The explosion of spores engulfs you!!!
You are confused.
You die...
Fedhas appreciates your contribution to the ecosystem.

~....§.~~.~..~~♣.~~~~~..~♣
..~~........~~[..~..~~§.~♣
$~~.~...~...~§~....^~§~~§♣..
..~~~.~~~~.~~~~..~~.......~~
...~...†PP*~~~~~~~~..~..~♣..
♣.♣...~~..P..§~~§~~~~.♣♣♣
..~...~PPP♣.D~§~~§..~~~~♣
~~~~~.~§~....D~~~..~..~.♣
.~~~....♣♣~~.@~~~.♣♣.~~.♣
>....♣♣♣♣♣.~~♣~§.♣♣♣♣~§~.♣
..~~. ♣♣♣§♣♣.~♣ ~♣♣♣♣ .~~~
♣♣♣♣♣♣♣ ~♣ ..~~


You could see a five-headed hydra (confused, ally target), a four-headed hydra
(confused), a friendly ballistomycete (summoned) and a friendly ballistomycete
spore.

Vanquished Creatures
  Kirke (D:13)
  An orc warlord (Bailey)
  Snorg (D:12)
  A rakshasa (D:13)
  2 vault guards (D:13)
  5 hydras
  An ogre mage (D:13)
  9 two-headed ogres
  2 catoblepae (Lair:5)
  A boulder beetle (D:11)
  A centaur warrior (D:13)
  Urug (Lair:1)
  Sonja (D:13)
  The ghost of indyram44 the Covered, a novice DsFi (D:8)
  A goliath frog (Swamp:2)
  3 bog bodies (Lair:2)
  A wolf spider (Lair:2)
  2 orc knights
  2 wizards (D:13)
  An ugly thing (D:11)
  3 cyclopes
  2 manticores
  A torpor snail (Lair:5)
  14 elephants
  2 gargoyles
  2 black mambas
  14 cane toads
  A cane toad (shapeshifter) (D:13)
  4 rime drakes
  4 komodo dragons
  A yaktaur (D:13)
  A yaktaur (shapeshifter) (D:8)
  4 kobold demonologists
  A queen bee (D:10)
  4 trolls
  9 polar bears
  8 hornets
  Prince Ribbit (D:6)
  2 tyrant leeches (Lair:2)
  6 dream sheep (Lair:5)
  17 blink frogs
  Sigmund (D:2)
  24 spriggans
  A shadow (D:11)
  A wraith (D:11)
  5 basilisks
  35 yaks
  5 hogs (D:13)
  A human (D:13)
  A redback (Lair:2)
  A vampire mosquito (D:8)
  5 swamp worms
  2 steam dragons
  Menkaure (D:6)
  2 acid dragons
  16 water moccasins
  Duvessa (D:6)
  9 orc warriors
  3 ice beasts (D:6)
  4 black bears (Lair:5)
  3 sky beasts
  6 boggarts
  4 ogres
  7 centaurs
  18 wolves (Lair:5)
  12 kobold brigands
  19 bullfrogs
  2 gnoll sergeants
  5 scorpions
  9 wights (D:9)
  Dowan (D:6)
  28 killer bees
  8 howler monkeys
  5 electric eels
  A hound (D:5)
  3 gnoll boudas
  A jelly (D:7)
  2 orc priests (D:7)
  An iguana (D:5)
  4 orc wizards
  Robin (D:4)
  9 adders
  22 gnolls
  2 shadow imps (D:8)
  5 white imps
  An ufetubus (D:4)
  3 worms
  A dart slug (D:2)
  31 orcs
  5 bats
  6 endoplasms
  5 giant cockroaches
  25 goblins
  13 hobgoblins
  11 jackals
  2 quokkas
  4 ball pythons
  4 frilled lizards
  24 kobolds
  5 rats
575 creatures vanquished.

Vanquished Creatures (collateral kills)
  A yak (Lair:2)
  12 ballistomycete spores
13 creatures vanquished.

Vanquished Creatures (others)
  A bloated husk (Swamp:2)
  2 humans (D:13)
  2 vampire mosquitoes (Swamp:2)
  3 kobolds (D:10)
  3 ballistomycete spores
  2 bushes
  27 fungi
  40 plants
80 creatures vanquished.

Grand Total: 668 creatures vanquished

Notes
Turn   | Place    | Note
-------+----------+-------------------------------------------
     0 | D:1      | NinjaNoafa the Hill Orc Fighter began the quest for the
                  | Orb.
     0 | D:1      | Reached XP level 1. HP: 19/19 MP: 1/1
   180 | D:1      | Reached XP level 2. HP: 25/26 MP: 2/2
   435 | D:2      | Reached XP level 3. HP: 33/33 MP: 3/3
   500 | D:2      | Reached XP level 4. HP: 40/40 MP: 4/4
   510 | D:2      | Noticed Sigmund
   533 | D:2      | Killed Sigmund
   534 | D:2      | Reached XP level 5. HP: 36/46 MP: 5/5
   534 | D:2      | Reached XP level 6. HP: 41/52 MP: 6/6
  1357 | D:4      | Noticed Robin
  1366 | D:4      | Killed Robin
  1497 | D:4      | Found a sparkling altar of Nemelex Xobeh.
  1503 | D:4      | Found a shimmering altar of Xom.
  1521 | D:4      | Found a snail-covered altar of Cheibriados.
  1526 | D:4      | Found a hazy altar of Hepliaklqana.
  1531 | D:4      | Found a hide-covered altar of Uskayaw.
  1536 | D:4      | Found a broken altar of Ashenzari.
  1546 | D:4      | Found a basalt altar of Yredelemnul.
  2090 | D:5      | Entered Level 5 of the Dungeon
  2129 | D:5      | Reached XP level 7. HP: 58/59 MP: 7/7
  2256 | D:5      | Reached skill level 1 in Maces & Flails
  2406 | D:5      | Reached skill level 5 in Fighting
  2417 | D:5      | Reached skill level 5 in Armour
  2417 | D:5      | Reached XP level 8. HP: 56/68 MP: 8/8
  2740 | D:5      | Reached skill level 5 in Maces & Flails
  2784 | D:5      | Found Onatsoy's Weapon Shoppe.
  2932 | D:6      | Noticed Menkaure
  2998 | D:6      | Noticed Dowan
  3098 | D:6      | Noticed Prince Ribbit
  3112 | D:6      | Killed Prince Ribbit
  3118 | D:6      | Killed Dowan
  3131 | D:6      | Reached XP level 9. HP: 60/74 MP: 9/9
  3137 | D:6      | Noticed Duvessa
  3144 | D:6      | Killed Duvessa
  3330 | D:6      | Killed Menkaure
  3591 | D:7      | Noticed a kobold demonologist
  3608 | D:7      | Noticed a hellwing
  3612 | D:7      | Killed a kobold demonologist
  3613 | D:7      | Reached skill level 10 in Maces & Flails
  3699 | D:7      | Found a staircase to the Ecumenical Temple.
  3711 | Temple   | Entered the Ecumenical Temple
  3730 | Temple   | Became a worshipper of Fedhas Madash
  3762 | D:7      | Found a glowing silver altar of Zin.
  3910 | D:7      | Found a flagged portal.
  3921 | Bailey   | Entered a bailey
  4021 | Bailey   | Reached XP level 10. HP: 53/83 MP: 10/10
  4104 | Bailey   | Reached * piety under Fedhas
  4311 | Bailey   | Noticed an orc warlord
  4311 | Bailey   | Identified the +1 robe of Trial and Error {Str+4}
  4316 | Bailey   | Noticed an orc knight
  4324 | Bailey   | Killed an orc warlord
  4325 | Bailey   | Reached skill level 5 in Shields
  4421 | Bailey   | Acquired a manual of Maces & Flails
  4489 | Bailey   | Killed an orc knight
  5252 | D:8      | Noticed a seven-headed hydra
  5262 | D:8      | Killed a seven-headed hydra
  5273 | D:8      | Reached ** piety under Fedhas
  5717 | D:8      | Found a runed translucent door.
  5717 | D:8      | Noticed indyram44's ghost (novice DsFi)
  5735 | D:8      | Identified the ring "Palumas" {Ice rElec rPois Str-3 Int+3}
  5755 | D:8      | Noticed a two-headed ogre
  5773 | D:8      | Killed a two-headed ogre
  5774 | D:8      | Reached skill level 3 in Invocations
  5774 | D:8      | Reached XP level 11. HP: 70/97 MP: 10/13
  6033 | D:8      | Reached skill level 4 in Invocations
  6078 | D:8      | Noticed a cyclops
  6085 | D:8      | Killed a cyclops
  6118 | D:8      | Noticed a four-headed hydra
  6134 | D:8      | Reached skill level 5 in Invocations
  6135 | D:8      | Killed a four-headed hydra
  6136 | D:8      | Reached skill level 6 in Invocations
  6143 | D:8      | Got the Codex of the Amalgamated Traveller
  6918 | D:9      | Reached skill level 1 in Throwing
  6940 | D:9      | Reached *** piety under Fedhas
  7257 | D:10     | Entered Level 10 of the Dungeon
  7576 | D:9      | Reached skill level 5 in Evocations
  7577 | D:9      | Reached skill level 7 in Invocations
  7840 | D:10     | Noticed a two-headed ogre
  7847 | D:10     | Killed a two-headed ogre
  8050 | D:10     | Found Sefitan's Magic Scroll Shoppe.
  8057 | D:10     | Bought 2 scrolls of noise for 30 gold pieces
  8057 | D:10     | Bought a scroll of identify for 30 gold pieces
  8057 | D:10     | Bought a scroll of blinking for 112 gold pieces
  8057 | D:10     | Bought a scroll of silence for 142 gold pieces
  8057 | D:10     | Bought a scroll of fear for 60 gold pieces
  8058 | D:10     | Bought a scroll of teleportation for 45 gold pieces
  8058 | D:10     | Bought a scroll of fog for 60 gold pieces
  8085 | D:10     | Noticed a two-headed ogre
  8094 | D:10     | Killed a two-headed ogre
  8095 | D:10     | Reached skill level 10 in Fighting
  8095 | D:10     | Reached skill level 8 in Invocations
  8672 | D:10     | Reached XP level 12. HP: 28/106 MP: 18/18
  8759 | D:11     | Noticed a boulder beetle
  8759 | D:11     | Found a staircase to the Orcish Mines.
  8771 | D:11     | Killed a boulder beetle
  8800 | D:11     | Found a staircase to the Lair.
  8919 | D:11     | Reached skill level 9 in Invocations
  8995 | D:11     | Reached **** piety under Fedhas
  9147 | D:11     | Reached skill level 10 in Axes
  9333 | Lair:1   | Entered Level 1 of the Lair of Beasts
  9333 | Lair:1   | Noticed Urug
  9347 | Lair:1   | Killed Urug
  9354 | Lair:1   | Found a runed translucent gate.
  9369 | Lair:1   | Found a runed translucent gate.
  9369 | Lair:1   | Found a runed translucent gate.
  9393 | Lair:1   | Noticed monoptic's ghost (novice TrBe)
  9393 | Lair:1   | Noticed a great orb of eyes
  9412 | Lair:1   | Found a viscous altar of Jiyva.
  9507 | D:8      | Killed indyram44's ghost
  9634 | Lair:1   | Reached skill level 10 in Invocations
  9813 | Lair:1   | Identified the +1 scale mail of Othryt {Drain +Blink rF+
                  | Slay+3}
 11149 | D:10     | Bought a scroll of teleportation for 45 gold pieces
 11149 | D:10     | Bought a scroll of teleportation for 45 gold pieces
 11170 | D:12     | Identified the +9 arbalest of Roucimes {elec, +Blink rElec
                  | MP+9}
 11325 | Lair:2   | Reached XP level 13. HP: 36/113 MP: 20/20
 11520 | Lair:2   | Reached skill level 5 in Throwing
 11755 | Lair:2   | Found a staircase to the Swamp.
 11896 | Lair:2   | Reached ***** piety under Fedhas
 12818 | Lair:3   | Reached skill level 11 in Invocations
 14021 | Lair:4   | Reached skill level 12 in Invocations
 14082 | Lair:4   | Reached XP level 14. HP: 85/122 MP: 23/23
 14275 | Lair:5   | Entered Level 5 of the Lair of Beasts
 14657 | Lair:5   | Reached skill level 10 in Shields
 14692 | Lair:5   | Found a staircase to the Slime Pits.
 14730 | Lair:5   | Reached ****** piety under Fedhas
 14774 | Lair:5   | Reached skill level 13 in Invocations
 15466 | Lair:5   | Reached skill level 14 in Invocations
 15901 | Lair:5   | Reached skill level 10 in Armour
 17006 | D:12     | Noticed Snorg
 17014 | D:12     | Killed Snorg
 17357 | Lair:2   | Found a hole to the Spider Nest.
 17741 | D:12     | Found a portal to a secret trove of treasure.
 18286 | D:13     | Reached XP level 15. HP: 72/128 MP: 19/25
 18553 | D:13     | Noticed Kirke
 18563 | D:13     | Killed Kirke
 18565 | D:13     | Noticed Sonja
 18567 | D:13     | Killed Sonja
 18598 | D:13     | Reached skill level 15 in Invocations
 19259 | Swamp:1  | Entered Level 1 of the Swamp
 19593 | Swamp:1  | You are sucked into a shaft and drop 1 floor!
 19641 | Swamp:2  | Killed by an exploding ballistomycete spore

Illustrated notes

Levels and vault maps discovered:
D:1:      psy_arrival_whirlpool, layout_rooms
D:2:      layout_rooms, kennysheep_generic_room_13, uniq_sigmund
D:3:      layout_basic
D:4:      nicolae_cairo_tiling_very_big, layout_basic,
          grunt_temple_overflow_octagram, fountainhead, uniq_robin
D:5:      layout_loops_ring, serial_shops, nicolae_shop_statue_plus
D:6:      layout_cave_pools, uniq_duvessa, uniq_menkaure, uniq_prince_ribbit1
D:7:      layout_basic, kennysheep_mini, minmay_temple_entry_stoned_glass,
          enter_bailey_2, chequers_serial_rivers_micro_e
D:8:      nzn_winding_woodlands_cross [nzn_winding_woodlands_5x15_sidewinder,
          nzn_winding_woodlands_5x15_split_checker,
          nzn_winding_woodlands_5x15_longhouse, nzn_winding_woodlands_5x15_eye,
          nzn_winding_woodlands_15x15_boxy_spiral], layout_rooms,
          ebering_ghost_inner_flame, nrook_uturn, kennysheep_donut
D:9:      layout_cave_pods
D:10:     layout_roguey [special_room_bee], serial_shops,
          nicolae_shop_hallway_stairs
D:11:     layout_roguey, lair_entry_dummy, orc_0_dummy
D:12:     layout_irregular_city, trove_entry_hex_spiral, uniq_snorg
D:13:     layout_basic, grunt_vaults_entry_fortified, uniq_kirke, uniq_sonja
D:14:     minmay_the_grid_3x2 [minmay_the_grid_paths,
          minmay_the_grid_minigrid_medium, minmay_the_grid_aliased_spiral,
          minmay_the_grid_medium_cups, minmay_the_grid_rooms,
          minmay_the_grid_prize_shrinking_boxes], layout_irregular_city,
          minmay_guarded_unrand_curses, uniq_azrael
Temple:   nicolae_temple_ecumenical_triangle
Lair:1:   layout_layer_cave, gammafunk_ghost_ooze, serial_bayou_shore_a,
          infiniplex_staircase_pool_2, uniq_urug
Lair:2:   layout_hall_layers, nicolae_swamp_entry_splash_gauntlet,
          spider_nest_entry_funnel_web, serial_rivers,
          chequers_serial_rivers_small_b, chequers_serial_rivers_small_a,
          chequers_serial_rivers_micro_a, chequers_serial_rivers_micro_d,
          chequers_serial_rivers_large_a
Lair:3:   layout_cave_pods, wad_woods_road_02, chequers_serial_rivers_small_3
Lair:4:   kb_forest_paths, layout_gridlike, chequers_serial_rivers_micro_b
Lair:5:   minmay_lair_end_enchanted_forest, layout_cave_pods, slime_entry_1,
          grunt_megastairs_2, lemuel_fruit_tree
Swamp:1:  layout_falls_marsh, evilmike_swamp_ruin_house_3, swamp_pool1
Swamp:2:  layout_basic_swamp, hangedman_swamp_lotus

Skill      XL: |  1  2  3  4  5  6  7  8  9 10 11 12 13 14 15 |
---------------+----------------------------------------------+-----
Axes           | 3 4 7 9 10 11 | 11.2
Fighting       | 4 5 6 9 10 | 10.4
Armour         | 4 5 6 7 8 9 10 | 10.0
Maces & Flails | 3 8 10 11 12 14 | 14.9
Shields        | 6 7 9 11 | 11.7
Invocations    | 3 8 10 12 14 15 | 15.0
Evocations     | 2 5 6 7 |  7.5
Throwing       | 2 4 6 8 9 |  9.0

Action                     |  1- 3 |  4- 6 |  7- 9 | 10-12 | 13-15 || total
---------------------------+-------+-------+-------+-------+-------++-------
  Melee: War axe           |    44 |   150 |       |       |       ||   194
         Demon whip        |       |       |   277 |   465 |   980 ||  1722
         Broad axe         |       |       |       |   144 |    20 ||   164
  Throw: Dart              |       |       |       |     6 |       ||     6
         Boomerang         |       |       |       |    10 |    35 ||    45
         Javelin           |       |       |       |    11 |    35 ||    46
 Invoke: Wall of Briars    |       |       |       |     2 |     3 ||     5
         Grow Ballistomyce |       |       |       |     1 |     3 ||     4
Ability: Evoke Blink       |       |       |       |     1 |     3 ||     4
  Evoke: Wand              |       |       |     1 |    12 |    15 ||    28
         Tin of tremorston |       |       |       |       |     2 ||     2
    Use: Scroll            |       |       |    14 |    13 |    11 ||    38
         Potion            |       |       |     1 |     4 |     1 ||     6
   Stab: Petrified         |       |       |       |       |     8 ||     8
         Paralysed         |       |       |       |       |     3 ||     3
 Armour: Scale mail        |    31 |    18 |       |    68 |   385 ||   502
         Chain mail        |       |    67 |   118 |       |       ||   185
         Plate armour      |       |       |       |   292 |       ||   292
  Dodge: Dodged            |    18 |    62 |    72 |   152 |   313 ||   617
  Block: Buckler           |    10 |    32 |    35 |    98 |       ||   175
         Kite shield       |       |       |       |    99 |   490 ||   589

Table legend: (Time is in decaauts)
 A = Elapsed time spent in this place.
 B = Non-inter-level travel time spent in this place.
 C = Inter-level travel time spent in this place.
 D = Time resting spent in this place.
 E = Time spent auto-exploring this place.
 F = Levels seen in this place.
 G = Mean time per level.
                   A        B        C        D        E       F      G
               +--------+--------+--------+--------+--------+-----+--------+
         Total |  19159 |  14394 |   4765 |    661 |   2697 |  23 |  833.0 |
       Dungeon |  11207 |   8394 |   2813 |      0 |   1600 |  14 |  800.5 |
        Temple |     36 |     36 |      0 |      0 |      0 |   1 |   36.0 |
          Lair |   7170 |   5219 |   1951 |    446 |   1097 |   5 | 1434.0 |
         Swamp |     64 |     64 |      0 |      0 |      0 |   2 |   32.0 |
        Bailey |    681 |    681 |      0 |    215 |      0 |   1 |  681.0 |
               +--------+--------+--------+--------+--------+-----+--------+

Top non-repeatable levels by time:
  Lair:1: 1856 daAuts
  Lair:5: 1634 daAuts
  Lair:2: 1606 daAuts
     D:8: 1324 daAuts
    D:10: 1262 daAuts
     D:9: 1261 daAuts
    D:13: 1190 daAuts
  Lair:4: 1042 daAuts
  Lair:3: 1029 daAuts
    D:12: 880 daAuts
    D:11: 854 daAuts
     D:7: 849 daAuts
     D:5: 839 daAuts
     D:4: 791 daAuts
  Bailey: 681 daAuts
